 Dungeon Crawl Stone Soup version 0.31-a0-182-gc5ef74bbde (webtiles) character file.

Game seed: 2863405500787474553

261 qw the Chopper (level 6, -3/39 HPs)
             Began as a Gargoyle Fighter on June 21, 2023.
             Engulfed by an orc wizard's steam (7 damage)
             ... on level 3 of the Dungeon.
             The game lasted 00:01:26 (2697 turns).

qw the Chopper (Gargoyle Fighter)                   Turns: 2697, Time: 00:01:27

Health: -3/39      AC: 12    Str: 22    XL:     6   Next: 18%
Magic:  6/6        EV:  9    Int:  8    God:
Gold:   202        SH:  9    Dex:  9    Spells: 5/5 levels left

rFire   . . .        Y - +0 war axe (freeze)
rCold   . . .        c - +0 buckler
rNeg    + . .        b - +0 scale mail
rPois   inf          (no helmet)
rElec   +            (no cloak)
rCorr   .            a - +0 pair of gloves
SInv    .            (no boots)
Will    .....        g - amulet of reflection Stlth
                     (no ring)
HPRegen 0.26/turn    (no ring)
MPRegen 0.10/turn

%: reflection
@: very slow
A: sickness immunity, AC +4, negative energy resistance 1, electricity
resistance, torment resistance 1, petrification resistance
a: no special abilities


You were on level 3 of the Dungeon.
You visited 1 branch of the dungeon, and saw 3 of its levels.
You also visited: Sewer.

You collected 202 gold pieces.


Innate Abilities, Weirdness & Mutations

You are immune to sickness and miasma.
Your stone body is resilient. (AC +4)
You are immune to poison.
You resist negative energy. (rN+)
You are resistant to electric shocks. (rElec)
You are resistant to unholy torment.
You are immune to petrification.


   Skills:
 - Level 4.3 Fighting
 + Level 5.0 Axes
 - Level 3.2 Armour
 - Level 1.0 Dodging
 - Level 3.2 Shields


You had 5 spell levels left.
You didn't know any spells.
Your spell library was empty.

Inventory:

Hand Weapons
 h - a +0 mace
 Y - a +0 war axe of freezing (weapon)
Missiles
 j - 4 boomerangs (quivered)
Armour
 a - a +0 pair of gloves (worn)
 b - a +0 scale mail (worn)
 c - a +0 buckler (worn)
Jewellery
 g - an amulet of reflection (around neck)
Scrolls
 i - a scroll of identify
 l - a scroll of teleportation
Potions
 d - 2 potions of might
 f - a potion of heal wounds
 k - a potion of curing {unknown}
 n - a potion of cancellation {unknown}

Dungeon Overview and Level Annotations

Branches:
Dungeon (3/15)              Sewer (visited)

Altars:
Sif Muna


Message History

Autopickup is now on.
2689 ||| Stepping ~*~*~tactically~*~*~ (cloud).
Deactivating autopickup; reactivate with Ctrl-A.
Your unstable footing causes you to fumble your attack.
You are engulfed in a cloud of scalding steam.
Something hits you but does no damage.
Autopickup is now on.
2690 ||| Stepping ~*~*~tactically~*~*~ (cloud).
Deactivating autopickup; reactivate with Ctrl-A.
You hit something but do no damage.
You are engulfed in a cloud of scalding steam.
You block something's attack.
Your unstable footing causes you to fumble your attack.
Something hits you but does no damage.
You closely miss something. Something hits you.
Something hits you but does no damage.
You closely miss something. Something hits you but does no damage.
Your unstable footing causes you to fumble your attack.
You hear some strange, mumbled words.
A puff of flame appears from out of thin air!
The puff of flame hits you!
Autopickup is now on.
2695 ||| Stepping ~*~*~tactically~*~*~ (cloud).
Deactivating autopickup; reactivate with Ctrl-A.
You barely miss something.
You are engulfed in a cloud of scalding steam.
Something hits you but does no damage.
Autopickup is now on.
2696 ||| Stepping ~*~*~tactically~*~*~ (cloud).
Deactivating autopickup; reactivate with Ctrl-A.
Your unstable footing causes you to fumble your attack.
You are engulfed in a cloud of scalding steam.
Something hits you but does no damage. x2
Autopickup is now on.
2697 ||| Stepping ~*~*~tactically~*~*~ (cloud).
Deactivating autopickup; reactivate with Ctrl-A.
You closely miss something.
You are engulfed in a cloud of scalding steam.
You die...

##~## ##~~~~~ ##~~~~~~~#
### ### #~~~....~ #.#
#.######~~~#### ##.##
##....8.8.8##..## #...#
#..........' .._# #
#.#.###%##..8.8{8##..#
~~#
..#..#.%#..)###~@~####.~#
.###...##....##~~~....~~#
.# #...##...####~~~~~~~##
## ##.###....# ##~~~~~##
#########....# ###~###
.............# ##
#.####......## ..#
##.....## .## #.......#


There were no monsters in sight!

Vanquished Creatures
  A kobold brigand (Sewer)
  5 river rats
  5 adders
  6 worms
  2 dart slugs (D:2)
  2 orcs (D:3)
  5 bats
  An endoplasm (D:1)
  4 giant cockroaches
  8 goblins
  2 hobgoblins (D:2)
  4 jackals (D:3)
  7 quokkas
  11 ball pythons
  3 frilled lizards
  10 kobolds
  7 rats
83 creatures vanquished.

Notes
Turn   | Place    | Note
-------+----------+-------------------------------------------
     0 | D:1      | qw the Gargoyle Fighter began the quest for the Orb.
     0 | D:1      | Reached XP level 1. HP: 14/14 MP: 1/1
     0 | D:1      | 0 ||| qw: Version: 0.3-a-9-g12657ce
     0 | D:1      | 0 ||| qw: Game counter: 1529
     0 | D:1      | 0 ||| qw: Always use a shield: true
     0 | D:1      | 0 ||| qw: God list: Okawaru
     0 | D:1      | 0 ||| qw: Allow faded altars: false
     0 | D:1      | 0 ||| qw: Do Orc after D:15 true
     0 | D:1      | 0 ||| qw: Do second Lair branch before Depths: true
     0 | D:1      | 0 ||| qw: Lair rune preference: random
     0 | D:1      | 0 ||| qw: Plans: Normal, Zot:1-4, Slime:5, God:TSO, Crypt,
                  | Tomb, Abyss, Pan, Hells, Win
     0 | D:1      | 0 ||| PLANNING D:1-11
    44 | D:1      | Reached skill level 2 in Axes
   108 | D:1      | Reached XP level 2. HP: 19/19 MP: 2/2
   132 | D:1      | 132 ||| UPGRADING to amulet of reflection.
   144 | D:1      | 144 ||| READING scroll labelled NAAM QUALO.
   157 | D:1      | 157 ||| READING scroll labelled NEDAQI PUCHE.
   281 | D:1      | 281 ||| DROPPING +0 club.
   547 | D:1      | 547 ||| UPGRADING to +0 pair of gloves.
   552 | D:1      | 552 ||| READING 3 scrolls labelled TUREGU TUTT.
   553 | D:1      | 553 ||| DROPPING 2 scrolls of amnesia.
   628 | D:2      | Reached skill level 3 in Axes
   644 | D:2      | Reached XP level 3. HP: 13/23 MP: 3/3
   691 | D:2      | 691 ||| DROPPING +0 whip.
   832 | D:2      | 832 ||| Stepping ~*~*~tactically~*~*~ (hiding).
  1457 | D:2      | Reached XP level 4. HP: 28/28 MP: 4/4
  1576 | D:2      | 1576 ||| DROPPING amulet of guardian spirit.
  1577 | D:2      | 1577 ||| READING 2 scrolls labelled GEVE EKKAROJIRI.
  1578 | D:2      | 1578 ||| READING scroll labelled EGAAXZUH KONKE.
  1579 | D:2      | 1579 ||| READING 2 scrolls of identify.
  1579 | D:2      | 1579 ||| IDENTIFYING golden potion
  1580 | D:2      | 1580 ||| DROPPING potion of invisibility.
  1581 | D:2      | 1581 ||| DROPPING scroll of fog.
  1591 | D:3      | 1591 ||| PLANNING SEWER
  1597 | D:3      | 1597 ||| STAIRDANCE
  1630 | D:3      | Reached skill level 4 in Axes
  1679 | D:3      | 1679 ||| Stepping ~*~*~tactically~*~*~ (stealth).
  1680 | D:3      | 1680 ||| Stepping ~*~*~tactically~*~*~ (stealth).
  1756 | D:3      | 1756 ||| Stepping ~*~*~tactically~*~*~ (water).
  1793 | D:3      | 1793 ||| Stepping ~*~*~tactically~*~*~ (water).
  1836 | D:3      | Found a glowing drain.
  1837 | D:3      | 1837 ||| Stepping ~*~*~tactically~*~*~ (water).
  1856 | D:3      | 1856 ||| DROPPING ring of flight.
  1857 | D:3      | 1857 ||| READING scroll labelled FUGYOCRIGIM.
  1858 | D:3      | 1858 ||| READING scroll labelled OCSOSTR JUIKHLO.
  1859 | D:3      | 1859 ||| READING scroll labelled ZOTSOBA CIECRI.
  1964 | Sewer    | Entered a sewer
  1967 | Sewer    | 1967 ||| Stepping ~*~*~tactically~*~*~ (water).
  1976 | Sewer    | 1976 ||| Stepping ~*~*~tactically~*~*~ (water).
  2027 | Sewer    | Reached XP level 5. HP: 28/32 MP: 5/5
  2165 | Sewer    | Reached skill level 5 in Axes
  2186 | Sewer    | Noticed a kobold brigand
  2186 | Sewer    | 2186 ||| Stepping ~*~*~tactically~*~*~ (hiding).
  2205 | Sewer    | Killed a kobold brigand
  2206 | Sewer    | Reached XP level 6. HP: 30/39 MP: 6/6
  2312 | Sewer    | 2312 ||| Stepping ~*~*~tactically~*~*~ (water).
  2314 | Sewer    | 2314 ||| Stepping ~*~*~tactically~*~*~ (water).
  2316 | Sewer    | 2316 ||| Stepping ~*~*~tactically~*~*~ (water).
  2332 | Sewer    | 2332 ||| READING scroll labelled YPLEEN XOTT.
  2333 | Sewer    | 2333 ||| READING 2 scrolls labelled XOCZOA QEHOAPS.
  2338 | Sewer    | 2338 ||| READING scroll labelled FIQORI UKACI.
  2339 | Sewer    | 2339 ||| READING 2 scrolls of identify.
  2339 | Sewer    | 2339 ||| IDENTIFYING metallic amethyst potion
  2353 | D:3      | 2353 ||| PLANNING D:1-11
  2422 | D:3      | 2422 ||| Stepping ~*~*~tactically~*~*~ (stealth).
  2650 | D:3      | Reached skill level 1 in Dodging
  2682 | D:3      | Found a shimmering blue altar of Sif Muna.
  2689 | D:3      | 2689 ||| Stepping ~*~*~tactically~*~*~ (cloud).
  2690 | D:3      | 2690 ||| Stepping ~*~*~tactically~*~*~ (cloud).
  2695 | D:3      | 2695 ||| Stepping ~*~*~tactically~*~*~ (cloud).
  2696 | D:3      | 2696 ||| Stepping ~*~*~tactically~*~*~ (cloud).
  2696 | D:3      | HP: 4/39 [something (13)]
  2697 | D:3      | 2697 ||| Stepping ~*~*~tactically~*~*~ (cloud).
  2697 | D:3      | Engulfed by an orc wizard's steam

Levels and vault maps discovered:
D:1:      lemuel_arrival_broad_hall, layout_rooms, hex_tiny, minmay_3d_cube
D:2:      layout_basic, kennysheep_generic_room_16
D:3:      layout_rooms, kennysheep_orc_sif_temple, gup_sewer_entry_spiral,
          eino_curves_03

Skill      XL: |  1  2  3  4  5  6 |
---------------+-------------------+-----
Axes           | 2 3 4 5 |  5.0
Fighting       | 4 |  4.3
Dodging        | 1 |  1.0
Armour         | |  3.2
Shields        | |  3.2

Action                     |  1- 3 |  4- 6 || total
---------------------------+-------+-------++-------
  Melee: War axe           |    80 |   114 ||   194
  Throw: Boomerang         |    17 |    69 ||    86
    Use: Scroll            |     3 |    10 ||    13
 Armour: Scale mail        |    32 |    42 ||    74
  Dodge: Dodged            |    17 |    17 ||    34
  Block: Buckler           |    32 |    52 ||    84
         Reflection        |     2 |       ||     2

Table legend:
 A = Non-vault XP
 B = Vault XP
 C = Vault XP percentage of total XP
 D = Non-vault monster count
 E = Vault monster count
 F = Vault count percentage of total count
                 A         B        C        D         E       F
            +---------+---------+-------+---------+---------+-------
      Total |     126 |     247 |  66.2 |      55 |      28 |  33.7
            +---------+---------+-------+---------+---------+-------
        D:1 |      24 |       3 |  11.1 |      16 |       2 |  11.1
        D:2 |      42 |      13 |  23.6 |      19 |       1 |   5.0
        D:3 |      60 |      38 |  38.8 |      20 |       8 |  28.6
      Sewer |       0 |     193 | 100.0 |       0 |      17 | 100.0
            +---------+---------+-------+---------+---------+-------
